 Dungeon Crawl Stone Soup version 0.31-a0-1161-g593ecc88b7 (webtiles) character file.

Game seed: 9135334517923736508

77 Dirtsage the Changeling (level 4, -1/29 HPs)
             Began as an Octopode Shapeshifter on Dec 8, 2023.
             Slain by a gnoll
             ... wielding a +0 whip
              (3 damage)
             ... on level 3 of the Dungeon.
             The game lasted 00:03:17 (1747 turns).

Dirtsage the Changeling (Octopode Shapeshifter)     Turns: 1747, Time: 00:03:18

Health: -1/29      AC:  1    Str: 13    XL:     4   Next: 33%
Magic:  13/13      EV: 13    Int: 12    God:
Gold:   149        SH:  0    Dex: 13    Spells: 3/3 levels left

rFire   . .          .
                       - Unarmed
rCold   + . .        (no shield)
rNeg    . . .        (helmet currently unavailable)
rPois   .            (no amulet)
rElec   .            q - ring of magical power
rCorr   .            I - ring of protection from cold
SInv    .            (no ring)
Will    .....        (no ring)
Stlth   ++           (no ring)
HPRegen 0.24/turn    (no ring)
MPRegen 0.13/turn    (no ring)
                     (no ring)

%: no passive effects
@: beast-form
A: beast (slay +2), almost no armour, amphibious, 8 rings, camouflage 1,
gelatinous body 1, (nimble swimmer 1), tentacles
a: Begin Untransformation


You were on level 3 of the Dungeon.
You were a hulking beast.
You visited 1 branch of the dungeon, and saw 4 of its levels.

You collected 160 gold pieces.
You spent 11 gold pieces at shops.

Inventory:

Magical Staves
 n - a staff of earth
Jewellery
 q - a ring of magical power (left tentacle)
 I - a ring of protection from cold (right tentacle)
Talismans
 b - a beast talisman
 c - a flux talisman
Scrolls
 e - 4 scrolls of identify {unknown}
 f - 3 scrolls of teleportation {unknown}
 g - a scroll of noise {unknown}
 i - a scroll of poison {unknown}
 j - a scroll of vulnerability {unknown}
 k - a scroll of fear {unknown}
 m - a scroll of silence {unknown}
Potions
 a - a potion of lignification
 d - a potion of berserk rage {unknown}
 h - a potion of haste {unknown}
 l - a potion of attraction {unknown}
 o - a potion of heal wounds {unknown}
 p - a potion of invisibility {unknown}


   Skills:
 + Level 1.9 Fighting
 + Level 2.6 Dodging
 + Level 3.4 Unarmed Combat
 * Level 3.7 Shapeshifting


You had 3 spell levels left.
You didn't know any spells.
Your spell library contained the following spells:

 Spells                   Type           Power      Damage    Failure   Level
 Inner Flame              Hex/Fire       0%         N/A       69%         3
 Yara's Violent Unravell  Hex/Tmut       0%         3d3       100%        5
 Enfeeble                 Hex            0%         N/A       100%        7


Dungeon Overview and Level Annotations

Branches:
Dungeon (4/15)
 Temple: D:4-7

Altars:

Shops:
D:1 *   D:2 *

Annotations:
D:4 Dowan, Duvessa, Eustachio


Innate Abilities, Weirdness & Mutations

You are a hulking beast.
Your limbs bulge with bestial killing power. (Slay +2)
You cannot wear most types of armour.
You are amphibious.
You can wear up to eight rings at the same time.
Your skin changes colour to match your surroundings (Stealth+).
Your rubbery body absorbs attacks. (AC +1, EV +1)
((You are camouflaged when in or above water. (Stealth+)))
You have tentacles for arms and can constrict up to eight enemies at once.


Message History

There are monsters nearby!
Dowan casts a spell at you. The puff of flame misses you.
You climb upwards.
There is a stone staircase leading down here.
There is an escape hatch in the floor here.
There is a stone staircase leading down here.
There is a stone staircase leading down here.
You climb downwards.
Level annotation: Dowan, Duvessa, Eustachio The gnoll shouts! x3
Found an escape hatch in the floor.
There is a stone staircase leading up here.
The gnoll hits you with a +0 whip. The gnoll hits you with a +0 spear.
You climb upwards.
There is a stone staircase leading down here.
You take 6 damage, and have 23/29 hp.
MASSIVE DAMAGE!!
You tentacle-slap the gnoll. Your grab misses the gnoll.
The gnoll is moderately wounded.
The gnoll hits you with a +0 whip! The gnoll hits you with a +0 spear.
You take 13 damage, and have 10/29 hp.
MASSIVE DAMAGE!!
You barely miss the gnoll. You grab the gnoll. You squeeze the gnoll!
The gnoll is severely wounded.
You constrict the gnoll. The gnoll barely misses you.
The gnoll hits you with a +0 spear!
* * * LOW HITPOINT WARNING * * *
You take 9 damage, and have 1/29 hp.
MASSIVE DAMAGE!!
You tentacle-slap the gnoll.
You kill the gnoll!
The gnoll closely misses you.
You tentacle-slap the gnoll. You grab the gnoll. You squeeze the gnoll.
The gnoll is moderately wounded.
You constrict the gnoll. The gnoll barely misses you.
You tentacle-slap the gnoll but do no damage.
The gnoll is moderately wounded.
You constrict the gnoll. The gnoll closely misses you.
You tentacle-slap the gnoll. You squeeze the gnoll.
The gnoll is severely wounded.
You constrict the gnoll. The gnoll hits you with a +0 whip.
You die...

...........)###................#
#...##....#[##..##.##..........#
..####...>.....###.##..........#
.<........####...#.##..........#
.####.....######...............#
## ##......# ###..#.........##
##...[#.# #...#..........#
#...###.#####)..#..........#
#.### #.....h.###..........#
###.# ######.g.##..........#
#...# #...##.)........# #.###
#.#.###........## #.#
####.#...##......##
#.#########................#
#.#...............<......(.#
#.#.......#.##.###.........#
#.#.......#.#..# ###..######


You could see a gnoll.

Vanquished Creatures
  A gnoll (D:3)
  An adder (D:3)
  A dart slug (D:2)
  4 orcs (D:3)
  5 ball pythons
  6 endoplasms
  2 giant cockroaches
  4 goblins
  4 hobgoblins
  2 kobolds
  3 quokkas
  6 bats
  3 frilled lizards
  7 rats
49 creatures vanquished.

Notes
Turn   | Place    | Note
-------+----------+-------------------------------------------
     0 | D:1      | Dirtsage the Octopode Shapeshifter began the quest for the
                  | Orb.
     0 | D:1      | Reached XP level 1. HP: 13/13 MP: 1/1
   123 | D:1      | Reached XP level 2. HP: 18/18 MP: 2/2
   195 | D:1      | Found Nofiaha's General Store.
   205 | D:1      | Bought a potion of degeneration for 11 gold pieces
   493 | D:2      | Reached XP level 3. HP: 22/23 MP: 3/3
   785 | D:2      | Found Agownaff's Assorted Antiques.
  1296 | D:3      | Reached XP level 4. HP: 27/29 MP: 4/4
  1345 | D:3      | Identified the +0 leather armour of Jifu {Dex+4 Stlth+}
  1713 | D:4      | Noticed Duvessa
  1713 | D:4      | Noticed Dowan
  1713 | D:4      | Noticed Eustachio
  1743 | D:3      | HP: 1/29 [gnoll/+0 spear (9)]
  1747 | D:3      | Slain by a gnoll

Illustrated notes

Levels and vault maps discovered:
D:1:      ncdulo_wetmaze, layout_rooms, serial_shops, shop, nrook_campfire
D:2:      layout_loops_ring, serial_shops, shop
D:3:      layout_rooms, hangedman_decor_points, chequers_serial_rivers_small_b
D:4:      minmay_diamond_boxcup, layout_basic, serial_library,
          serial_library_regret_index_double_sided,
          serial_library_hellmonk_junction,
          serial_library_regret_index_split_case,
          serial_library_hellmonk_room_c, serial_library_hellmonk_open_cross,
          serial_library_hellmonk_angled_corner,
          serial_library_hellmonk_narrow_alcove,
          serial_library_hellmonk_long_bookcase, nicolae_shop_firing_range,
          uniq_duvessa, uniq_eustachio

Action                     |  1- 3 |  4- 6 || total
---------------------------+-------+-------++-------
  Melee: Unarmed           |    73 |    17 ||    90
         Constrict         |    17 |     5 ||    22
         Tentacles         |    14 |     4 ||    18
         Punch             |     2 |       ||     2
   Stab: Sleeping          |     5 |       ||     5
 Armour: Skin              |    21 |    11 ||    32
  Dodge: Dodged            |    40 |    12 ||    52

Table legend: (Time is in decaauts)
 A = Elapsed time spent in this place.
 B = Non-inter-level travel time spent in this place.
 C = Inter-level travel time spent in this place.
 D = Time resting spent in this place.
 E = Time spent auto-exploring this place.
 F = Levels seen in this place.
 G = Mean time per level.
                   A        B        C        D        E       F      G
               +--------+--------+--------+--------+--------+-----+--------+
         Total |   1741 |   1672 |     69 |      0 |   1359 |   4 |  435.2 |
       Dungeon |   1741 |   1672 |     69 |      0 |   1359 |   4 |  435.2 |
               +--------+--------+--------+--------+--------+-----+--------+

Top non-repeatable levels by time:
     D:2: 646 daAuts
     D:3: 632 daAuts
     D:1: 459 daAuts
     D:4: 3 daAuts
